 Dungeon Crawl Stone Soup version 0.31.0-9-g3a7656b989 (webtiles) character file.

Game seed: 754312594781862351

1377 qw the Nimble (level 8, -1/40 HPs)
             Began as a Spriggan Hunter on Feb 2, 2024.
             Was an Initiate of Okawaru.
             Slain by a gnoll
             ... wielding a +0 spear
             ... led by a gnoll sergeant
              (8 damage)
             ... on level 5 of the Dungeon.
             The game lasted 00:00:31 (4132 turns).

qw the Nimble (Spriggan Hunter)                     Turns: 4132, Time: 00:00:31

Health: -1/40      AC:  3    Str:  7    XL:     8   Next: 39%
Magic:  9/9        EV: 24    Int: 11    God:    Okawaru [......]
Gold:   248        SH:  5    Dex: 20    Spells: 7/7 levels left

rFire   . . .        a - +0 shortbow
rCold   . . .        (shield currently unavailable)
rNeg    . . .        c - +0 robe
rPois   .            (helmet restricted)
rElec   .            j - +0 cloak
rCorr   .            (gloves unavailable)
SInv    +            (boots unavailable)
Will    +....        i - amulet of reflection
Stlth   ++           (no ring)
HPRegen 0.26/turn    (no ring)
MPRegen 0.11/turn

%: reflection
@: very quick
A: very small, no large weapons, unfitting armour, see invisible, speed 3
a: Renounce Religion


You were on level 5 of the Dungeon.
You worshipped Okawaru.
Okawaru was noncommittal.
You visited 2 branches of the dungeon, and saw 6 of its levels.

You collected 328 gold pieces.
You spent 80 gold pieces at shops.


Innate Abilities, Weirdness & Mutations

You are very small and have problems with some larger weapons.
You are too small for most types of armour.
You have supernaturally acute eyesight. (SInv)
You cover ground extremely quickly. (Speed+++)


   Skills:
 - Level 3.0 Fighting
 + Level 8.1 Ranged Weapons
 - Level 9.4 Dodging
 - Level 1.5 Stealth


You had 7 spell levels left.
You didn't know any spells.
Your spell library was empty.

Inventory:

Hand Weapons
 a - a +0 shortbow (weapon)
Armour
 c - a +0 robe (worn)
 j - a +0 cloak (worn)
Jewellery
 b - a ring of fire
 i - an amulet of reflection (around neck)
Wands
 e - a wand of digging (3)
 g - a wand of mindburst (13)
 l - a wand of paralysis (3)
Potions
 f - a potion of mutation
 h - 4 potions of curing

Dungeon Overview and Level Annotations

Branches:
Dungeon (5/15)             Temple (1/1) D:5

Altars:
Ashenzari
Cheibriados
Dithmenos
Elyvilon
Fedhas
Gozag
Kikubaaqudgha
Nemelex Xobeh
Okawaru
Ru
Sif Muna
Trog
Uskayaw
Wu Jian
Xom
Yredelemnul
The Shining One

Shops:
D:3 [*((

Annotations:
D:4 1 runed translucent door, Crazy Yiuf


Message History

The gnoll sergeant is almost dead.
You block the gnoll's attack.
The gnoll sergeant hits you from afar with a +0 spear.
The gnoll completely misses you.
You shoot an arrow. The arrow hits the gnoll sergeant.
You kill the gnoll sergeant!
Okawaru accepts your kill. You block the gnoll's attack. The gnoll misses you.
You shoot an arrow. The arrow barely misses the gnoll.
The gnoll hits you from afar with a +0 spear.
The gnoll barely misses you.
You shoot an arrow. The arrow barely misses the gnoll.
The arrow hits the gnoll but does no damage.
The gnoll misses you. The gnoll completely misses you.
The gnoll closely misses you.
You shoot an arrow.
The arrow hits the gnoll but does no damage.
The gnoll is heavily wounded.
The gnoll hits you from afar with a +0 spear.
The gnoll closely misses you. The gnoll completely misses you.
You shoot an arrow. The arrow hits the gnoll!
You kill the gnoll!
Okawaru accepts your kill.
The gnoll hits you from afar with a +0 spear.
The gnoll misses you.
Your Fighting skill increases to level 3!
You shoot an arrow. The arrow barely misses the gnoll.
The gnoll closely misses you. You block the gnoll's attack.
You shoot an arrow.
The arrow hits the gnoll but does no damage.
The gnoll barely misses you.
You shoot an arrow. The arrow hits the gnoll.
The gnoll is moderately wounded.
The gnoll completely misses you. The gnoll misses you.
You shoot an arrow.
The arrow hits the gnoll but does no damage.
The gnoll is moderately wounded.
The gnoll completely misses you.
The gnoll hits you from afar with a +0 spear!
You die...

#............).....'..##..
#..........[.......#..####
#..................#...#..
#...###.####..##...#...+..
###.###.####..######..##..
#............##..##..##..
#............#...#...'...
#............'...'...#...
########@###.###.#.####.#
######)###'#####.#.....
#...(gg).....# #.#%.... .
#..[.#.......# #.#...%. ..
######..##..## #....%_.
##? ####..##### ###.....
#[.g #......# #..... #[h..
#.g...<# #%....
#.....#......# ####.#


You could see 2 gnolls.

Vanquished Creatures
  Pikel (D:4)
  Edmund (D:5)
  2 black bears
  A lemure (D:4)
  A phantom (D:4)
  Blork the orc (D:4)
  A gnoll sergeant (D:5)
  A bombardier beetle (D:5)
  4 hounds
  A jelly (D:4)
  An iguana (D:4)
  Ijyb (D:3)
  A gnoll (D:5)
  11 adders
  A white imp (D:3)
  2 dart slugs
  2 ribbon worms
  An orc (D:5)
  6 endoplasms
  3 giant cockroaches
  13 goblins
  3 hobgoblins
  4 jackals (D:5)
  6 kobolds
  2 quokkas
  7 ball pythons
  2 bats (D:3)
  4 frilled lizards
  A rat (D:2)
85 creatures vanquished.

Notes
Turn   | Place    | Note
-------+----------+-------------------------------------------
     0 | D:1      | qw the Spriggan Hunter began the quest for the Orb.
     0 | D:1      | Reached XP level 1. HP: 10/10 MP: 2/2
     0 | D:1      | 0 ||| qw: Version: 0.3-a-155-g5e7d8dd
     0 | D:1      | 0 ||| qw: Game counter: 1166
     0 | D:1      | 0 ||| qw: Melee chars always use a shield: true
     0 | D:1      | 0 ||| qw: God list: Okawaru
     0 | D:1      | 0 ||| qw: Allow faded altars: false
     0 | D:1      | 0 ||| qw: Do Orc after clearing Dungeon:15 true
     0 | D:1      | 0 ||| qw: Do second Lair branch before Depths: true
     0 | D:1      | 0 ||| qw: Lair rune preference: random
     0 | D:1      | 0 ||| qw: Goals: Normal
     0 | D:1      | 0 ||| PLANNING D:1-11
   200 | D:1      | Reached skill level 3 in Dodging
   246 | D:1      | Reached XP level 2. HP: 11/14 MP: 3/3
   263 | D:1      | Found a faded altar of an unknown god.
   876 | D:1      | 876 ||| READING 3 scrolls labelled RERO RASYT.
   876 | D:1      | 876 ||| IDENTIFYING lumpy emerald potion
   877 | D:1      | 877 ||| READING 2 scrolls of identify.
   877 | D:1      | 877 ||| IDENTIFYING golden potion
   878 | D:1      | 878 ||| READING scroll of identify.
   878 | D:1      | 878 ||| IDENTIFYING 2 sapphire potions
   879 | D:1      | 879 ||| DRINKING 2 blue potions.
   880 | D:1      | 880 ||| DROPPING scroll of butterflies.
   881 | D:1      | 881 ||| DROPPING potion of magic.
   930 | D:2      | Found an opulent altar of Gozag.
   939 | D:2      | Reached skill level 4 in Dodging
  1201 | D:2      | Noticed a black bear
  1202 | D:2      | 1202 ||| DRINKING 2 potions of haste.
  1211 | D:2      | Killed a black bear
  1212 | D:2      | Reached XP level 3. HP: 18/18 MP: 4/4
  1212 | D:2      | Reached XP level 4. HP: 22/22 MP: 5/5
  1712 | D:2      | 1712 ||| READING scroll of identify.
  1712 | D:2      | 1712 ||| IDENTIFYING fuming grey potion
  1713 | D:2      | 1713 ||| READING scroll labelled RAIS YDAJUU.
  1714 | D:2      | 1714 ||| READING scroll labelled EFFUANE XEUN.
  1799 | D:3      | Reached XP level 5. HP: 25/25 MP: 6/6
  1917 | D:3      | Reached skill level 5 in Dodging
  1947 | D:3      | Found a shimmering blue altar of Sif Muna.
  2048 | D:3      | Found Uzoonipt's General Store.
  2052 | D:3      | 2052 ||| BUYING potion of heal wounds (50 gold).
  2052 | D:3      | Bought a potion of heal wounds for 50 gold pieces
  2052 | D:3      | 2052 ||| BUYING scroll of teleportation (30 gold).
  2052 | D:3      | Bought a scroll of teleportation for 30 gold pieces
  2052 | D:3      | 2052 ||| SHOPLISTING wand of light (5) (210 gold, have 59).
  2079 | D:3      | Found Daschumod's Weapon Boutique.
  2102 | D:3      | Found Yvedodir's Armour Shop.
  2107 | D:3      | 2107 ||| SHOPLISTING +2 robe of positive energy (176 gold,
                  | have 59).
  2283 | D:3      | Noticed Ijyb
  2294 | D:3      | HP: 6/26 [Ijyb/+0 club (6)]
  2295 | D:3      | 2295 ||| READING scroll of teleportation.
  2295 | D:3      | HP: 2/26 [Ijyb/+0 club (4)]
  2296 | D:3      | 2296 ||| DRINKING 3 potions of heal wounds.
  2457 | D:3      | Found Zoamiule's Antique Weapon Emporium.
  2545 | D:3      | HP: 4/26 [Ijyb/+0 club (5)]
  2546 | D:3      | 2546 ||| DRINKING 2 potions of heal wounds.
  2549 | D:3      | Killed Ijyb
  2550 | D:3      | Reached skill level 6 in Ranged Weapons
  2673 | D:3      | 2673 ||| READING scroll of identify.
  2673 | D:3      | 2673 ||| IDENTIFYING scroll labelled VECAL SIRUID
  2674 | D:3      | 2674 ||| DROPPING scroll of fear.
  2702 | D:4      | Noticed a black bear
  2703 | D:4      | 2703 ||| DRINKING 2 potions of haste.
  2709 | D:4      | Killed a black bear
  2710 | D:4      | Reached skill level 6 in Dodging
  2710 | D:4      | Reached XP level 6. HP: 30/30 MP: 7/7
  2879 | D:4      | Noticed Blork the orc
  2881 | D:4      | 2881 ||| DRINKING potion of haste.
  2890 | D:4      | Killed Blork the orc
  3128 | D:4      | Noticed Pikel
  3129 | D:4      | 3129 ||| RETREEEEATING.
  3131 | D:4      | 3131 ||| RETREEEEATING.
  3133 | D:4      | 3133 ||| RETREEEEATING.
  3135 | D:4      | 3135 ||| RETREEEEATING.
  3156 | D:4      | 3156 ||| RETREEEEATING.
  3158 | D:4      | 3158 ||| RETREEEEATING.
  3160 | D:4      | 3160 ||| RETREEEEATING.
  3162 | D:4      | 3162 ||| RETREEEEATING.
  3164 | D:4      | 3164 ||| ZAPPING wand of flame (19) at 1,2 (Pikel; floor).
  3165 | D:4      | 3165 ||| RETREEEEATING.
  3166 | D:4      | 3166 ||| RETREEEEATING.
  3167 | D:4      | 3167 ||| RETREEEEATING.
  3168 | D:4      | 3168 ||| RETREEEEATING.
  3169 | D:4      | 3169 ||| ZAPPING wand of flame (18) at 3,1 (Pikel; floor).
  3170 | D:4      | 3170 ||| ZAPPING wand of flame (17) at 2,0 (Pikel; floor).
  3171 | D:4      | 3171 ||| ZAPPING wand of flame (16) at 1,0 (Pikel; floor).
  3172 | D:4      | 3172 ||| ZAPPING wand of flame (15) at 1,0 (Pikel; floor).
  3173 | D:4      | 3173 ||| ZAPPING wand of flame (14) at 1,0 (Pikel; floor).
  3174 | D:4      | 3174 ||| ZAPPING wand of flame (13) at 1,0 (Pikel; floor).
  3174 | D:4      | HP: 6/30 [Pikel/+0 whip of electrocution (4)]
  3175 | D:4      | 3175 ||| DRINKING 2 potions of heal wounds.
  3176 | D:4      | 3176 ||| ZAPPING wand of flame (12) at 1,0 (Pikel; floor).
  3177 | D:4      | 3177 ||| ZAPPING wand of flame (11) at 1,0 (Pikel; floor).
  3178 | D:4      | 3178 ||| ZAPPING wand of flame (10) at 1,0 (Pikel; floor).
  3179 | D:4      | 3179 ||| ZAPPING wand of flame (9) at 1,0 (Pikel; floor).
  3180 | D:4      | 3180 ||| ZAPPING wand of flame (8) at 1,0 (Pikel; floor).
  3181 | D:4      | 3181 ||| ZAPPING wand of flame (7) at 1,0 (Pikel; floor).
  3182 | D:4      | 3182 ||| ZAPPING wand of flame (6) at 1,0 (Pikel; floor).
  3183 | D:4      | 3183 ||| ZAPPING wand of flame (5) at 1,0 (Pikel; floor).
  3184 | D:4      | 3184 ||| ZAPPING wand of flame (4) at 1,0 (Pikel; floor).
  3185 | D:4      | 3185 ||| ZAPPING wand of flame (3) at 1,0 (Pikel; floor).
  3186 | D:4      | 3186 ||| ZAPPING wand of flame (2) at 1,0 (Pikel; floor).
  3187 | D:4      | 3187 ||| ZAPPING wand of flame (1) at 1,0 (Pikel; floor).
  3188 | D:4      | 3188 ||| ZAPPING wand of mindburst (16) at 1,0 (Pikel;
                  | floor).
  3189 | D:4      | 3189 ||| ZAPPING wand of mindburst (15) at 1,0 (Pikel;
                  | floor).
  3190 | D:4      | 3190 ||| ZAPPING wand of mindburst (14) at 1,0 (Pikel;
                  | floor).
  3190 | D:4      | Killed Pikel
  3191 | D:4      | Reached skill level 9 in Dodging
  3191 | D:4      | Reached XP level 7. HP: 20/35 MP: 8/8
  3299 | D:4      | Reached XP level 8. HP: 27/39 MP: 9/9
  3461 | D:4      | Found a runed translucent door.
  3462 | D:4      | Noticed Crazy Yiuf
  3465 | D:4      | 3465 ||| UPGRADING to amulet of reflection.
  3470 | D:4      | 3470 ||| DROPPING ring of magical power.
  3471 | D:4      | 3471 ||| READING scroll of identify.
  3471 | D:4      | 3471 ||| IDENTIFYING red potion
  3472 | D:4      | 3472 ||| READING scroll labelled IRGHER BUYVE.
  3473 | D:4      | 3473 ||| DROPPING potion of lignification.
  3505 | D:5      | Entered Level 5 of the Dungeon
  3771 | D:5      | Noticed Edmund
  3788 | D:5      | Killed Edmund
  3870 | D:5      | Found a hide-covered altar of Uskayaw.
  3916 | D:5      | Found a staircase to the Ecumenical Temple.
  3917 | D:5      | 3917 ||| PLANNING TEMPLE
  3917 | D:5      | 3917 ||| UPGRADING to +0 cloak.
  3922 | D:5      | 3922 ||| READING scroll labelled WAFUULEZOA.
  3930 | Temple   | Entered the Ecumenical Temple
  3931 | Temple   | 3931 ||| PLANNING OKAWARU WORSHIP
  3953 | Temple   | Became a worshipper of Warmaster Okawaru
  3954 | Temple   | 3954 ||| PLANNING D:1-11
  4087 | D:5      | 4087 ||| RETREEEEATING.
  4091 | D:5      | 4091 ||| RETREEEEATING.
  4093 | D:5      | 4093 ||| RETREEEEATING.
  4094 | D:5      | 4094 ||| RETREEEEATING.
  4095 | D:5      | 4095 ||| RETREEEEATING.
  4098 | D:5      | 4098 ||| RETREEEEATING.
  4100 | D:5      | 4100 ||| RETREEEEATING.
  4103 | D:5      | 4103 ||| RETREEEEATING.
  4104 | D:5      | 4104 ||| RETREEEEATING.
  4116 | D:5      | HP: 9/39 [gnoll sergeant/+0 spear (7)]
  4117 | D:5      | 4117 ||| DRINKING potion of heal wounds.
  4125 | D:5      | HP: 9/39 [gnoll/+0 spear[a gnoll sergeant] (3)]
  4129 | D:5      | Reached skill level 3 in Fighting
  4132 | D:5      | Slain by a gnoll

Levels and vault maps discovered:
D:1:      tarquinn_simple_flora_water_c, layout_basic,
          dreamdust_ecumenical_altar_angels_and_demons
D:2:      layout_loops_corners, basic_altar
D:3:      kennysheep_the_goblin_king, layout_loops_ring,
          hellmonk_sif_muna_bookshelves, serial_shops, shop, shop,
          nicolae_shop_stone, shop, grunt_ministairs_15
D:4:      layout_rooms, minmay_ruptured, uniq_pikel, uniq_blork_the_orc,
          uniq_crazy_yiuf_cottage
D:5:      layout_gridville, nicolae_uskayaw_murder_on_the_dancefloor,
          minmay_temple_entry_glassed_door, nicolae_shop_clearance, uniq_ijyb,
          uniq_edmund
Temple:   bh_familiar_temple

Skill      XL: |  1  2  3  4  5  6  7  8 |
---------------+-------------------------+-----
Dodging        | 3 4 6 9 |  9.4
Ranged Weapons | 5 6 7 8 |  8.1
Fighting       | 2 3 |  3.0
Stealth        | |  1.5

Action                     |  1- 3 |  4- 6 |  7- 9 || total
---------------------------+-------+-------+-------++-------
   Fire: Shortbow          |    45 |   204 |   115 ||   364
  Evoke: Wand              |       |    22 |       ||    22
    Use: Scroll            |     3 |     5 |     3 ||    11
         Potion            |     2 |     5 |     1 ||     8
 Armour: Robe              |     3 |    29 |    27 ||    59
  Dodge: Dodged            |     4 |    99 |   105 ||   208
  Block: Other             |       |       |    13 ||    13

Table legend:
 A = Non-vault XP
 B = Vault XP
 C = Vault XP percentage of total XP
 D = Non-vault monster count
 E = Vault monster count
 F = Vault count percentage of total count
                 A         B        C        D         E       F
            +---------+---------+-------+---------+---------+-------
      Total |     860 |    1108 |  56.3 |      70 |      14 |  16.7
            +---------+---------+-------+---------+---------+-------
        D:1 |      17 |       0 |   0.0 |       9 |       0 |   0.0
        D:2 |     167 |       0 |   0.0 |      18 |       0 |   0.0
        D:3 |      92 |      71 |  43.6 |      19 |       8 |  29.6
        D:4 |     276 |     873 |  76.0 |      10 |       5 |  33.3
        D:5 |     308 |     164 |  34.7 |      14 |       1 |   6.7
            +---------+---------+-------+---------+---------+-------
